 Dungeon Crawl Stone Soup version 0.31-a0-369-g8eba5f6939 (webtiles) character file.

Game seed: 3802509889363203535

128 arthad the Shield-Bearer (level 5, -5/33 HPs)
             Began as a Gargoyle Fighter on July 28, 2023.
             Slain by a gnoll
             ... wielding a +0 halberd
              (8 damage)
             ... on level 3 of the Dungeon.
             The game lasted 00:03:54 (1567 turns).

arthad the Shield-Bearer (Gargoyle Fighter)         Turns: 1567, Time: 00:03:55

Health: -5/33      AC: 11    Str: 21    XL:     5   Next: 11%
Magic:  5/5        EV:  9    Int:  9    God:
Gold:   201        SH:  4    Dex:  9    Spells: 4/4 levels left

rFire   . . .        a - +0 flail
rCold   . . .        c - +0 buckler
rNeg    + . .        b - +0 scale mail
rPois   ∞            (no helmet)
rElec   +            (no cloak)
rCorr   .            (no gloves)
SInv    .            (no boots)
Will    .....        (no amulet) Stlth
                     (no ring)
HPRegen 0.25/turn    (no ring)
MPRegen 0.09/turn

%: no passive effects
@: no status effects
A: sickness immunity, AC +4, negative energy resistance 1, electricity
resistance, torment resistance 1, petrification resistance
a: no special abilities


You were on level 3 of the Dungeon.
You visited 1 branch of the dungeon, and saw 3 of its levels.

You collected 201 gold pieces.

Inventory:

Hand Weapons
 a - a +0 flail (weapon)
 k - a +1 long sword of holy wrath
Armour
 b - a +0 scale mail (worn)
 c - a +0 buckler (worn)
Jewellery
 m - the ring of Jotsumye {Ice rPois Will- Int+6}
   (You found it on level 3 of the Dungeon)

   [ring of ice]

   It enhances your ice magic.
   Int:       It affects your intelligence (+6).
   rF:        It makes you vulnerable to fire.
   rC:        It protects you from cold.
   rPois:     It protects you from poison.
   Will:      It decreases your willpower.
Scrolls
 e - a scroll of summoning {unknown}
 f - 2 scrolls of revelation {unknown}
 h - a scroll of enchant weapon {unknown}
 i - a scroll of immolation {unknown}
 j - a scroll of amnesia {unknown}
 l - a scroll of identify {unknown}
Potions
 d - a potion of might
 g - 2 potions of lignification {unknown}


   Skills:
 + Level 4.2 Fighting
 + Level 3.0 Maces & Flails
 + Level 4.1 Armour
 + Level 4.2 Shields


You had 4 spell levels left.
You didn't know any spells.
Your spell library contained the following spells:

 Spells                   Type           Power      Damage    Failure   Level
 Slow                     Hex            0%         N/A       78%         1
 Confusing Touch          Hex            0%         N/A       98%         3
 Vampiric Draining        Necr           0%         2d6       98%         3


Dungeon Overview and Level Annotations

Branches:
Dungeon (3/15)

Altars:
Yredelemnul


Innate Abilities, Weirdness & Mutations

You are immune to sickness and miasma.
Your stone body is resilient. (AC +4)
You are immune to poison.
You resist negative energy. (rN+)
You are resistant to electric shocks. (rElec)
You are resistant to unholy torment.
You are immune to petrification.


Message History

The gnoll is moderately wounded.
The gnoll hits you with a +0 flail. x2
You hit the gnoll.
The gnoll is severely wounded.
You sock the gnoll!
The gnoll is heavily wounded.
You hit the gnoll.
The gnoll is almost dead.
The gnoll hits you but does no damage.
The gnoll hits you with the +9 dagger of Uskayaw's Grace {freeze, rF+ Str+3}.
The gnoll freezes you.
You barely miss the gnoll.
The gnoll is almost dead.
The gnoll hits you with the +9 dagger of Uskayaw's Grace {freeze, rF+ Str+3}!
The gnoll freezes you.
* * * LOW HITPOINT WARNING * * *
You are too injured to fight recklessly!
You are too injured to fight recklessly!
You are too injured to fight recklessly!
You are too injured to fight recklessly!
You are too injured to fight recklessly!
You are too injured to fight recklessly!
You are too injured to fight recklessly!
You are too injured to fight recklessly!
You are too injured to fight recklessly!
You hit the gnoll.
You kill the gnoll!
Your Maces & Flails skill increases to level 3!
You have reached level 5!
You barely miss the gnoll.
The gnoll is severely wounded.
The gnoll hits you but does no damage. x2
You sock the gnoll!
You kill the gnoll!
You closely miss the gnoll. The gnoll misses you.
You closely miss the gnoll. The gnoll hits you with a +0 halberd!
* * * LOW HITPOINT WARNING * * *
You closely miss the gnoll. The gnoll closely misses you.
The gnoll hits you with a +0 halberd!
You die...

#.##.############ #.#
#.##............# #.#
#.#############.# #.#
#.# ##.###.#
#.############.#.##†#
...........##.###.#.#
#.###.gg.g.g.## ##..#
#.# #.#######.###)###
..# #.# ##.#@## ###
#.# ##g## #.# ### #.#
#.# #.# #.#


You could see a gnoll.

Vanquished Creatures
  A hound (D:3)
  2 gnolls (D:3)
  2 adders (D:2)
  A worm (D:2)
  3 dart slugs
  4 bats
  6 endoplasms
  2 giant cockroaches (D:2)
  2 goblins
  5 hobgoblins
  4 jackals (D:1)
  4 quokkas
  4 ball pythons
  2 frilled lizards
  5 kobolds
  4 rats
51 creatures vanquished.

Notes
Turn   | Place    | Note
-------+----------+-------------------------------------------
     0 | D:1      | arthad the Gargoyle Fighter began the quest for the Orb.
     0 | D:1      | Reached XP level 1. HP: 14/14 MP: 1/1
    74 | D:1      | Reached XP level 2. HP: 5/19 MP: 2/2
   284 | D:1      | Reached XP level 3. HP: 23/23 MP: 3/3
   859 | D:2      | Found a faded altar of an unknown god.
   930 | D:2      | Reached XP level 4. HP: 29/29 MP: 4/4
  1045 | D:2      | Found a basalt altar of Yredelemnul.
  1352 | D:3      | Identified the ring of Jotsumye {Ice rPois Will- Int+6}
  1530 | D:3      | Identified the +9 dagger of Uskayaw's Grace {freeze, rF+
                  | Str+3}
  1563 | D:3      | Reached XP level 5. HP: 8/33 MP: 5/5
  1567 | D:3      | Slain by a gnoll

Illustrated notes

Levels and vault maps discovered:
D:1:      tarquinn_simple_flora_water_b, layout_rooms
D:2:      layout_rooms, basic_altar, shapermc_ecumenical_altar_gd,
          minmay_gold_behind_fungi
D:3:      layout_loops_ring

Skill      XL: |  1  2  3  4 |
---------------+-------------+-----
Fighting       | 4 |  4.2
Shields        | 4 |  4.2
Armour         | 4 |  4.1
Maces & Flails | 3 |  3.0

Action                     |  1- 3 |  4- 6 || total
---------------------------+-------+-------++-------
  Melee: Flail             |   141 |    75 ||   216
 Armour: Scale mail        |   102 |    35 ||   137
  Dodge: Dodged            |    83 |    30 ||   113
  Block: Buckler           |    37 |    16 ||    53

Table legend: (Time is in decaauts)
 A = Elapsed time spent in this place.
 B = Non-inter-level travel time spent in this place.
 C = Inter-level travel time spent in this place.
 D = Time resting spent in this place.
 E = Time spent auto-exploring this place.
 F = Levels seen in this place.
 G = Mean time per level.
                   A        B        C        D        E       F      G
               +--------+--------+--------+--------+--------+-----+--------+
         Total |   1633 |   1602 |     31 |    131 |    990 |   3 |  544.3 |
       Dungeon |   1633 |   1602 |     31 |    131 |    990 |   3 |  544.3 |
               +--------+--------+--------+--------+--------+-----+--------+

Top non-repeatable levels by time:
     D:1: 752 daAuts
     D:2: 638 daAuts
     D:3: 241 daAuts
